 Dungeon Crawl Stone Soup version 0.17-a0-1920-gafa4d75 (webtiles) character file.

1507 Grim the Destroyer (level 8, -4/41 HPs)
             Began as a Deep Elf Conjurer on Sept 27, 2015.
             Was a Believer of Cheibriados.
             Killed by divine providence
             ... invoked by an orc priest
              (15 damage)
             ... on level 6 of the Dungeon.
             The game lasted 00:44:56 (9235 turns).

Grim the Destroyer (Deep Elf Conjurer)              Turns: 9235, Time: 00:44:56

Health: -4/41      AC:  4    Str: 13    XL:     8   Next: 52%
Magic:  4/17       EV: 13    Int: 27    God:    Cheibriados [**....]
Gold:   337        SH:  0    Dex: 19    Spells: 5 memorised, 3 levels left

rFire  + . .     SeeInvis .     (no weapon)
rCold  . . .     Clarity  .     a - +0 robe
rNeg   . . .     SustAt   .     (no shield)
rPois  .         Gourm    .     s - +1 hat
rElec  .         Spirit   .     (no cloak)
rCorr  .         Warding  .     p - +0 pair of gloves
rMut   .         Stasis   .     (no boots)
MR     .....                    (no amulet)
Stlth  ++........               G - +4 ring of strength
                                j - ring of protection from fire

@: very slightly contaminated, very slow, not resistant to hostile enchantments,
unstealthy
A: no striking features
a: Bend Time, Renounce Religion


You were on level 6 of the Dungeon.
You worshipped Cheibriados.
Cheibriados was pleased with you.
You were not hungry.

You visited 2 branches of the dungeon, and saw 7 of its levels.

You collected 337 gold pieces.

Inventory:

Armour
 a - a +0 robe (worn)
 p - a +0 pair of gloves (worn)
 s - a +1 hat (worn)
Jewellery
 d - an uncursed ring of positive energy
 j - a ring of protection from fire (left hand)
 o - an uncursed ring of ice
 G - a +4 ring of strength (right hand)
Magical devices
 f - a wand of draining (10)
 y - a wand of slowing (24)
 B - a wand of magic darts (5)
 I - a wand of polymorph (11)
 J - a wand of polymorph (17)
Scrolls
 k - 2 scrolls of fog {unknown}
 l - 3 scrolls of teleportation {unknown}
 r - a scroll of recharging {unknown}
 u - 2 scrolls of remove curse {unknown}
 w - a scroll of enchant armour {unknown}
 x - 2 scrolls of enchant weapon {unknown}
 C - 2 scrolls of noise {unknown}
 D - a scroll of blinking {unknown}
 E - 2 scrolls of fear {unknown}
Potions
 e - a potion of agility {unknown}
 g - a potion of degeneration {unknown}
 h - a potion of brilliance {unknown}
 i - a potion of lignification {unknown}
 q - a potion of invisibility {unknown}
 z - 2 potions of mutation {!q}
Books
 b - a book of Conjurations

   Spells                             Type                      Level
   a - Magic Dart                     Conjuration                  1
   b - Searing Ray                    Conjuration                  2
   c - Dazzling Spray                 Conjuration/Hexes            3
   d - Fulminant Prism                Conjuration/Hexes            4
   e - Iskenderun's Mystic Blast      Conjuration                  4
   f - Iskenderun's Battlesphere      Conjuration/Charms           5
 H - a book of Frost

   Spells                             Type                      Level
   a - Freeze                         Ice                          1
   b - Throw Frost                    Conjuration/Ice              2
   c - Ozocubu's Armour               Charms/Ice                   3
   d - Throw Icicle                   Conjuration/Ice              4
   e - Summon Ice Beast               Ice/Summoning                4
   f - Condensation Shield            Ice                          4
Comestibles
 c - 3 bread rations
 m - a royal jelly
 n - 3 meat rations
 v - 2 beef jerkies
 A - 4 chunks of flesh
 F - a slice of pizza


   Skills:
 - Level 2.4 Dodging
 - Level 2.4 Stealth
 + Level 5.0 Spellcasting
 * Level 10.1 Conjurations
 + Level 7.5 Hexes


You had 3 spell levels left.
You knew the following spells:

 Your Spells              Type           Power        Failure   Level  Hunger
a - Magic Dart            Conj           ####         1%          1    None
b - Searing Ray           Conj           ######       1%          2    None
c - Dazzling Spray        Conj/Hex       ######..     1%          3    #......
d - Iskenderun's Mystic   Conj           ######..     1%          4    ###....
e - Fulminant Prism       Conj/Hex       ######....   1%          4    ###....


Dungeon Overview and Level Annotations

Branches:
Dungeon (6/15)             Temple (1/1) D:4

Altars:
Cheibriados
Dithmenos
Elyvilon
Fedhas
Gozag
Kikubaaqudgha
Makhleb
Nemelex Xobeh
Okawaru
Qazlal
Ru
Trog
Vehumet
Xom
Yredelemnul
Zin
The Shining One


Message History

The orb of energy hits the orc priest.
You kill the orc priest!
Cheibriados appreciates the change of pace.
Your Spellcasting skill increases to level 5!
The orb of energy explodes!
You start resting.
An orc priest comes into view. It is wielding a flail.
The orc priest invokes the aid of Beogh against you.
Pain shoots through your body!
The orc priest invokes the aid of Beogh against you.
Something smites you!
* * * LOW HITPOINT WARNING * * *
The orc priest calls down the wrath of Beogh upon you.
Something smites you!
* * * LOW HITPOINT WARNING * * *
Drink which item? (? for menu, Esc to quit)
You feel better.
The orc priest calls down the wrath of Beogh upon you.
Something smites you!
You die...

#..# #..#
#..# #..#
##.##
#..##
#...#
#.#.#
#.#@#
#####.#o#
#.....#.#
####..#.#
#####..#.#
#........#
#.###..###
#.# #..#
##.###..#


You could see an orc priest.

Vanquished Creatures
  A two-headed ogre (D:5)
  An ogre (D:4)
  An orc warrior (D:4)
  A phantom (D:6)
  A giant frog (D:6)
  2 scorpions (D:5)
  4 orc wizards
  3 hounds
  2 jellies (D:6)
  2 crimson imps (D:5)
  2 giant frog skeletons
  An orc priest (D:6)
  Jessica (D:2)
  An iguana (D:6)
  Terence (D:3)
  5 worker ants
  A hound skeleton (D:6)
  A worker ant zombie (D:5)
  4 adders
  4 gnolls (D:5)
  3 worms
  An adder skeleton (D:5)
  4 giant geckos
  30 orcs
  11 bats
  10 goblins
  13 hobgoblins
  19 jackals
  16 kobolds
  2 quokkas
  A ball python (D:5)
  8 giant cockroaches
  6 giant newts
  7 rats
170 creatures vanquished.

Notes
Turn   | Place    | Note
--------------------------------------------------------------
     0 | D:1      | Grim the Deep Elf Conjurer began the quest for the Orb.
     0 | D:1      | Reached XP level 1. HP: 10/10 MP: 6/6
   268 | D:1      | Reached XP level 2. HP: 15/15 MP: 6/8
   326 | D:1      | Reached skill level 5 in Conjurations
   664 | D:1      | Learned a level 2 spell: Searing Ray
   793 | D:1      | Reached XP level 3. HP: 19/19 MP: 4/9
  1825 | D:1      | Reached skill level 6 in Conjurations
  2092 | D:2      | Reached XP level 4. HP: 24/24 MP: 6/10
  2499 | D:2      | Noticed Jessica
  2500 | D:2      | Killed Jessica
  2611 | D:2      | Found a radiant altar of Vehumet.
  2611 | D:2      | Found a burning altar of Makhleb.
  3252 | D:3      | Noticed Terence
  3282 | D:3      | Learned a level 3 spell: Dazzling Spray
  3309 | D:3      | Killed Terence
  3309 | D:3      | Reached skill level 7 in Conjurations
  3309 | D:3      | Reached XP level 5. HP: 28/28 MP: 4/11
  4289 | D:3      | Reached skill level 1 in Hexes
  4717 | D:4      | Reached XP level 6. HP: 27/32 MP: 2/12
  4908 | D:4      | Noticed an orc warrior
  5241 | D:4      | Noticed an ogre
  5246 | D:4      | Killed an ogre
  5246 | D:4      | Reached skill level 8 in Conjurations
  5404 | D:4      | Learned a level 4 spell: Iskenderun's Mystic Blast
  5824 | D:4      | Killed an orc warrior
  5824 | D:4      | Reached skill level 5 in Hexes
  5824 | D:4      | Reached XP level 7. HP: 36/36 MP: 0/13
  5996 | D:4      | Found a staircase to the Ecumenical Temple.
  6153 | Temple   | Entered the Ecumenical Temple
  6196 | Temple   | Became a worshipper of Cheibriados the Contemplative
  6519 | D:5      | Entered Level 5 of the Dungeon
  6569 | D:5      | Found an opulent altar of Gozag.
  6999 | D:5      | Noticed a two-headed ogre
  7003 | D:5      | Killed a two-headed ogre
  7392 | D:5      | Reached skill level 9 in Conjurations
  7718 | D:5      | Acquired Cheibriados's first power
  7735 | D:5      | Reached XP level 8. HP: 39/41 MP: 9/15
  8379 | D:5      | Found a glowing golden altar of the Shining One.
  8780 | D:6      | Learned a level 4 spell: Fulminant Prism
  8930 | D:6      | Reached skill level 10 in Conjurations
  9221 | D:6      | Reached skill level 5 in Spellcasting
  9235 | D:6      | Killed from afar by an orc priest

Vault maps used:
D:1:      dpeg_arrival_rooms_with_view, minmay_vboxes
D:2:      minitemple, uniq_jessica
D:3:      minivault_23, minmay_misc_feat_doors, minmay_cut_off, uniq_terence
D:4:      temple_hall
D:5:      kennysheep_mini, nicolae_overflow_crystal_walls, first_bread
D:6:      tgw_sif
Temple:   nicolae_temple_god_jail

Action                   |  1- 3 |  4- 6 |  7- 9 || total
-------------------------+-------+-------+-------++-------
Melee: Unarmed           |       |     2 |     8 ||    10
 Cast: Magic Dart        |    70 |   134 |   124 ||   328
       Searing Ray       |     7 |    10 |    12 ||    29
       Iskenderun's Myst |       |     4 |     7 ||    11
       Dazzling Spray    |       |       |     4 ||     4
  Use: Scroll            |       |     2 |     2 ||     4
       Potion            |       |     2 |     2 ||     4
 Stab: Invisible         |       |       |     1 ||     1
  Eat: Chunk             |     3 |     9 |     4 ||    16
       Bread ration      |       |     1 |       ||     1
       Meat ration       |       |       |     1 ||     1
